Map: 이어 제로 - 래더

Players

Serral - Winner!

  • Race: Zerg Zerg

INnoVation

  • Race: Terran Terran

Event: WESG 2018 Grand Finals

VOD

Have the link to the VOD?

Description

Time

  • Played on: March 17, 2019, 4:59 a.m.
  • Length: 6:46

All games in this series

Show
View Real Time Build Order
Export as new Build Order

Serral Zerg - Winner!

Build Orders: Hatch First 

Get SALT Encoding   

  12  0:00  Drone  
  13  0:13  Overlord  
  13  0:18  Drone  
  14  0:32  Drone x2  
  16  0:50  Hatchery  
  16  0:53  Drone  
  16  0:57  Drone  
  17  1:00  Drone  
  18  1:11  Extractor  
  17  1:15  Spawning Pool  
  16  1:18  Drone  
  16  1:23  Drone  
  18  1:29  Drone  
  20  2:02  Spine Crawler, Queen  
  20  2:03  Zergling x8  
  25  2:14  Zergling x2  
  26  2:16  Zergling x2  
  25  2:30  Queen  
  23  2:38  Zergling x2  
  23  2:43  Zergling x2  
  22  2:51  Zergling x4  
  24  3:00  Spine Crawler  
  24  3:03  Zergling x2  
  24  3:06  Zergling x2  
  25  3:13  Overlord  
  25  3:22  Zergling x2  
  25  3:23  Zergling x2  
  27  3:33  Zergling x6  
  24  3:44  Zergling x2  
  18  3:53  Zergling x2  
  16  4:00  Zergling x2  
  17  4:05  Zergling x2  
  17  4:10  Zergling x2  
  18  4:18  Zergling x2  
  18  4:28  Zergling x2  
  17  4:33  Zergling x2  
  15  4:44  Zergling x2  
  15  4:45  Zergling x2  
  16  4:53  Zergling x2  
  16  4:58  Zergling x2  
  18  5:06  Zergling x2  
  19  5:20  Zergling x4  
  21  5:26  Zergling x2  
  22  5:32  Zergling x2  
  23  5:40  Drone  
  24  5:47  Drone  
  24  5:52  Drone  
  25  5:57  Drone  
  26  6:04  Drone  
  26  6:09  Drone  
  28  6:16  Drone  
  29  6:20  Zergling x2  
  28  6:26  Zergling x2  
  28  6:29  Drone  
Show
View Real Time Build Order
Export as new Build Order

INnoVation Terran 

Build Orders:  

Get SALT Encoding   

  12  0:00  SCV  
  13  0:12  SCV  
  14  0:18  Supply Depot  
  14  0:24  SCV  
  15  0:40  SCV  
  15  0:42  Barracks  
  16  0:55  Barracks  
  16  1:08  Barracks  
  16  1:10  SCV  
  17  1:28  Orbital Command  
  17  1:29  Marine  
  18  1:40  Supply Depot  
  18  1:42  Marine  
  18  1:46  Marine  
  20  1:56  Marine  
  20  2:00  Marine  
  22  2:07  Bunker  
  22  2:08  Marine  
  22  2:12  Bunker  
  22  2:14  Marine  
  24  2:20  Marine  
  25  2:26  Marine  
  26  2:32  Marine  
  24  2:38  Marine  
  22  2:44  Marine, SCV  
  22  2:50  Marine  
  25  2:55  Marine  
  26  3:02  Marine  
  27  3:08  Marine  
  28  3:13  Marine  
  29  3:20  Marine  
  29  3:25  Marine  
  26  3:35  Marine  
  26  3:40  Marine  
  15  3:50  Marine  
  14  3:55  Marine  
  15  4:09  Marine  
  15  4:30  Marine  
  13  4:36  Marine  
  6  4:56  Marine  
  6  4:58  SCV  
  7  5:18  Marine  
  8  5:24  Marine  
  9  5:38  SCV  
  10  5:46  Marine  
  10  5:52  SCV  
  11  5:59  Marine  
  12  6:06  SCV  
  13  6:14  Marine  
  13  6:26  Marine  
Tags
 
Add a new tag
Caveats
  • Supply blocks, unpowered buildings, or Contaminate may cause inaccurate times.
  • Supply counts are checked every 10 seconds.